 Dungeon Crawl Stone Soup version 0.29.0-4-gdea44cf6ec (webtiles) character file.

Game seed: 18366072196985949267

113 concernfroge the Trooper (level 4, -3/39 HPs)
             Began as a Mummy Monk on Aug 28, 2022.
             Splashed by a jelly's acid (4 damage)
             ... on level 4 of the Dungeon.
             The game lasted 00:07:16 (3006 turns).

concernfroge the Trooper (Mummy Monk)               Turns: 3006, Time: 00:07:16

Health: -3/39      AC:  3    Str: 22    XL:     4   Next: 65%
Magic:  4/4        EV:  6    Int:  9    God:
Gold:   138        SH: 15    Dex: 14    Spells: 3/3 levels left

rFire   x . .      SeeInvis .   a - +0 hand axe
rCold   + . .      Faith    .   m - +0 tower shield
rNeg    + + +      Spirit   .   f - +0 scale mail
rPois   ∞          Reflect  +   (no helmet)
rElec   .          Harm     .   h - +0 cloak
rCorr   .          Rampage  .   (no gloves)
Will    .....                   (no boots)
Stlth   ..........              c - amulet of reflection
HPRegen 0.13/turn               g - +6 ring of strength
MPRegen 0.09/turn               i - ring of flight

@: corroded, flying
A: cold resistance 1, negative energy resistance 3, torment resistance 2, heat
vulnerability 1, in touch with death 1, no potions
a: no special abilities


You were on level 4 of the Dungeon.
You visited 1 branch of the dungeon, and saw 4 of its levels.

You collected 138 gold pieces.

Inventory:

Hand Weapons
 a - a +0 hand axe (weapon)
Missiles
 d - 12 poisoned darts (quivered)
Armour
 f - a +0 scale mail (worn)
 h - a +0 cloak (worn)
 m - a +0 tower shield (worn)
Jewellery
 c - an amulet of reflection (around neck)
 g - a +6 ring of strength (left hand)
 i - a ring of flight (right hand)
Wands
 k - a wand of flame (10)
 l - a wand of paralysis (4)
Scrolls
 b - 2 scrolls of immolation
 e - a scroll of teleportation
 n - a scroll of enchant armour


   Skills:
 + Level 5.5 Fighting
 - Level 2.4 Axes
 - Level 2.4 Dodging
 - Level 1.5 Stealth


You had 3 spell levels left.
You didn't know any spells.
Your spell library contained the following spells:

 Spells                   Type           Power      Damage    Failure   Level
 Apportation              Tloc           0%         N/A       100%        1
 Necrotise                Necr           0%         1d4       100%        1
 Summon Small Mammal      Summ           0%         N/A       100%        1


Dungeon Overview and Level Annotations

Branches:
Dungeon (4/15)
 Temple: D:4-7

Altars:
Xom


Innate Abilities, Weirdness & Mutations

You are immune to poison.
Your flesh is cold resistant. (rC+)
You are immune to negative energy. (rN+++)
You are immune to unholy pain and torment.
You are vulnerable to heat. (rF-)
You are in touch with the powers of death.
You do not drink.


Message History

A goblin comes into view. It is wielding a +0 club.
The goblin shouts!
You hit the goblin.
You kill the goblin!
Found a chain mail.
Things that are here:
a +0 club; a goblin corpse
Found 14 gold pieces.
A jelly comes into view.
The jelly quivers.
You hit the jelly.
Your hands burn!
The jelly is lightly wounded.
The jelly hits you but does no damage. You block the jelly's attack.
You hit the jelly.
Your hands burn!
The jelly is moderately wounded.
The jelly hits you.
You are splashed with acid!
You hit the jelly.
Your hands burn!
The jelly is heavily wounded.
You block the jelly's attack. The jelly barely misses you.
You hit the jelly but do no damage. The acid corrodes you!
Your hands burn!
The jelly is moderately wounded.
The jelly hits you. The acid corrodes you!
You are splashed with acid!
* * * LOW HITPOINT WARNING * * *
The jelly hits you.
* * * LOW HITPOINT WARNING * * *
You are splashed with acid!
* * * LOW HITPOINT WARNING * * *
Okay, then.
Aiming: Paralyse
Press: ? - help, Shift-Dir - straight line, f - jelly
Aim: a jelly (moderately wounded, chance to affect: 57%)
The jelly resists with significant effort.
You block the jelly's attack.
Aiming: Paralyse
Press: ? - help, Shift-Dir - straight line, f/p - jelly
Aim: a jelly (moderately wounded, chance to affect: 57%)
The jelly suddenly stops moving!
The helpless jelly fails to defend itself.
You hit the jelly.
Your hands burn!
You die...

####...####
#.........#
#.#######)#
# #.# #.#
## #.# ..
#.##.####
#.......#
#@##.##.#
......[J# #
#.#..#.##
#... #. #$.
.. ## ###


You could see a jelly (paralysed).

Vanquished Creatures
  Terence (D:3)
  4 adders
  2 dart slugs
  An orc (D:3)
  5 endoplasms
  4 giant cockroaches
  7 hobgoblins
  4 jackals (D:1)
  6 kobolds
  2 quokkas
  5 ball pythons
  2 bats
  6 goblins
  4 rats
53 creatures vanquished.

Notes
Turn   | Place    | Note
-------+----------+-------------------------------------------
     0 | D:1      | concernfroge the Mummy Monk began the quest for the Orb.
     0 | D:1      | Reached XP level 1. HP: 18/18 MP: 1/1
   419 | D:1      | Reached XP level 2. HP: 19/24 MP: 2/2
   749 | D:1      | Reached skill level 4 in Fighting
  1329 | D:2      | Gained mutation: You are in touch with the powers of death.
                  | [Mummy growth]
  1329 | D:2      | Reached XP level 3. HP: 30/30 MP: 3/3
  1691 | D:2      | Found a shimmering altar of Xom.
  1845 | D:2      | Found a faded altar of an unknown god.
  2157 | D:3      | Noticed Terence
  2160 | D:3      | Reached XP level 4. HP: 38/38 MP: 4/4
  2342 | D:2      | Reached skill level 5 in Fighting
  2533 | D:3      | Killed Terence
  3003 | D:4      | HP: 1/39 [acid (8)]
  3006 | D:4      | Splashed by a jelly's acid

Illustrated notes

Levels and vault maps discovered:
D:1:      ebering_hopf_link, layout_basic
D:2:      layout_basic, chequers_ecumenical_altar_twisty, basic_altar,
          minmay_heptomino_l4
D:3:      layout_basic, lemuel_old_faithful, uniq_terence
D:4:      layout_loops_cross

Skill      XL: |  1  2  3  4 |
---------------+-------------+-----
Fighting       | 4 5 |  5.5
Axes           | |  2.4
Dodging        | |  2.4
Stealth        | |  1.5

Action                   |  1- 3 |  4- 6 || total
-------------------------+-------+-------++-------
Melee: Hand axe          |   115 |    43 ||   158
       Punch             |     3 |       ||     3
Throw: Dart              |     8 |     8 ||    16
Evoke: Wand              |       |     2 ||     2
  Use: Scroll            |     5 |     3 ||     8
 Stab: Sleeping          |     2 |       ||     2
       Paralysed         |       |     1 ||     1
Armor: Robe              |    10 |       ||    10
       Scale mail        |    30 |    13 ||    43
Dodge: Dodged            |    59 |    19 ||    78
Block: Other             |    16 |    16 ||    32
       Reflection        |     2 |       ||     2
       Tower shield      |       |     3 ||     3
